 Dungeon Crawl Stone Soup version 0.16-a0-286-g6bac339 (webtiles) character file.

95 MackTheKnife the Skirmisher (level 4, -2/37 HPs)
             Began as a Formicid Fighter on Aug 28, 2014.
             Slain by a large abomination (15 damage)
             ... on Level 1 of the Abyss.
             The game lasted 00:02:46 (1670 turns).

MackTheKnife the Skirmisher (Formicid Fighter)      Turns: 1670, Time: 00:02:46

HP  -2/37        AC  9     Str 20      XL: 4   Next: 95%
MP   5/5         EV  7     Int  8      God:
Gold 55          SH  9     Dex 11      Spells:  0 memorised,  3 levels left

rFire  . . .     SeeInvis +     a - +0 flail
rCold  . . .     Clarity  .     b - +1 scale mail
rNeg   . . .     rCorr    .     c - +0 shield
rPois  .         rRot     .     (helmet unavailable)
rElec  .         Spirit   .     f - +0 cloak
SustAb .         Warding  .     (no gloves)
rMut   .         Stasis   +     (no boots)
Gourm  .                        (no amulet)
MR     .....                    (no ring)
                                (no ring)

@: not resistant to hostile enchantments, extremely unstealthy
A: permanent stasis, dig shafts and tunnels, four strong arms, antennae 3
a: Dig, Shaft Self


You were on level 1 of the Abyss.
You were hungry.

You visited 1 branch of the dungeon, and saw 2 of its levels.
You visited the Abyss 1 time.

You collected 55 gold pieces.


Innate Abilities, Weirdness & Mutations

Your are under a permanent stasis effect.
You can dig through walls and to a lower floor.
Your four strong arms can wield two-handed weapons with a shield.
You have a pair of large antennae on your head (SInv).


   Skills:
 + Level 4.1 Fighting
 + Level 3.8 Maces & Flails
 - Level 3.2 Armour
 + Level 4.1 Shields


You had 3 spell levels left.
You didn't know any spells.

Inventory:

Hand weapons
 a - a +0 flail (weapon)
 e - a +0 great sword of freezing
Armour
 b - a +1 scale mail (worn)
 c - a +0 shield (worn)
 f - a +0 cloak (worn)
Comestibles
 d - 2 bread rations
Scrolls
 g - a scroll of recharging {unknown}
 j - 3 scrolls of remove curse {unknown}
 m - a scroll of immolation {unknown}
 o - 2 scrolls of teleportation {unknown}
Potions
 h - a potion of haste {unknown}
 i - 2 potions of curing
 k - a potion of resistance {unknown}
 l - 2 potions of brilliance {unknown}
 n - a potion of poison {unknown}
 p - a potion of confusion {unknown}

▒ ▒· ▒ ▒▒ · ▒▒·▒
·▒· ·▒▒ ▒···▒▒··
····
▒▒·▒▒···▒▒·····
▒···············
·· ▒···▒a▒ {
▒···▒▒·▒X·▒
▒·····▒········
▒·▒▒▒·▒ ▒······
▒ ▒·▒·▒▒▒·····
·· ▒·▒·▒·▒
▒····· ▒·· ·
▒▒▒··▒{······· ·
▒······▒··▒ ·
·▒▒▒··▒·▒▒▒x▒


You could see a large abomination.


Message History

The thrashing horror roars!
The thrashing horror closely misses you.
You block the thrashing horror's attack.
The thrashing horror tramples you but does no damage.
The thrashing horror tramples you.
* * * LOW HITPOINT WARNING * * *
You stumble backwards!
A large abomination comes into view.
The thrashing horror tramples you.
* * * LOW HITPOINT WARNING * * *
You stumble backwards!
The thrashing horror roars!
You block the thrashing horror's attack.
The thrashing horror tramples you but does no damage.
The thrashing horror roars!
You block the thrashing horror's attack.
The thrashing horror tramples you.
* * * LOW HITPOINT WARNING * * *
You stumble backwards!
The thrashing horror tramples you but does no damage. x2
A large abomination comes into view.
The thrashing horror roars!
The thrashing horror barely misses you.
The thrashing horror tramples you but does no damage.
A starcursed mass comes into view.
A starcursed mass splits.
A great orb of eyes comes into view.
A large abomination comes into view.
The large abomination hits you!
You die...

Action                   |  1- 3 |  4- 6 || total
-------------------------+-------+-------++-------
Melee: Flail             |   147 |    31 ||   178
  Use: Potion            |       |     2 ||     2
       Scroll            |       |     1 ||     1
  Eat: Chunk             |     2 |       ||     2

Vault maps used:
D:1:      dpeg_arrival_arbitrary_b
D:2:      uniq_sigmund, uniq_crazy_yiuf_cottage, uniq_jessica

Notes
Turn   | Place    | Note
--------------------------------------------------------------
     0 | D:1      | MackTheKnife, the Formicid Fighter, began the quest for the Orb.
     0 | D:1      | Reached XP level 1. HP: 18/18 MP: 1/1
   238 | D:1      | Reached XP level 2. HP: 22/24 MP: 3/3
   574 | D:1      | Reached skill level 3 in Maces & Flails
   629 | D:1      | Reached XP level 3. HP: 29/29 MP: 4/4
  1347 | D:2      | Reached XP level 4. HP: 37/37 MP: 5/5
  1401 | D:2      | Noticed Jessica
  1408 | D:2      | Killed Jessica
  1408 | D:2      | Reached skill level 4 in Fighting
  1533 | D:2      | Reached skill level 4 in Shields
  1565 | D:2      | Noticed Sigmund
  1584 | D:2      | Cast into the Abyss (Sigmund)
  1631 | Abyss:1  | Noticed a thrashing horror
  1634 | Abyss:1  | Noticed a small abomination
  1649 | Abyss:1  | Noticed a large abomination
  1653 | Abyss:1  | Noticed a large abomination
  1662 | Abyss:1  | Noticed a starcursed mass
  1665 | Abyss:1  | Noticed a great orb of eyes
  1666 | Abyss:1  | Noticed a large abomination
  1670 | Abyss:1  | Slain by a large abomination

Vanquished Creatures
  Jessica (D:2)
  3 adders (D:2)
  An ooze (D:1)
  5 bats
  2 giant cockroaches
  7 goblins
  5 hobgoblins
  9 jackals
  2 quokkas (D:2)
  3 giant geckos
  A giant newt (D:2)
  5 kobolds
  6 rats
50 creatures vanquished.
